[ PARTIDA AOE2 · #495265437 ]
UnrankedBritanos vs Hindustanis
Equipo del jugador · DERR
[ ANÁLISIS DE REPETICIÓN · EXTRAÍDO DE LA PARTIDA GRABADA ]
Feudal
8:46
Castillos
28:49
Imperial
—
| APM promedio | 62.4 |
| APM pico | 128 |
| eAPM promedio | 24.3 |
| Aldeanos / militares | 70 / 59 |
Foco
⚔️ 41.3% · 🌾 58.7%
Archer ×23 · Spearman ×13 · Scout Cavalry ×11 · Skirmisher ×9 · Militia ×3
Feudal
8:27
Castillos
20:51
Imperial
—
| APM promedio | 76.5 |
| APM pico | 121 |
| eAPM promedio | 32.7 |
| Aldeanos / militares | 143 / 53 |
Foco
⚔️ 42.3% · 🌾 57.7%
Camel Scout ×13 · Archer ×11 · Scout Cavalry ×10 · Skirmisher ×8 · Ghulam ×7 · Mangonel ×3
Mapa de la partida
Recursos iniciales + cada clic de construcción. Líneas = muros · curvas = relieve. ◆ oro · ⬟ piedra · ● bayas · ✦ reliquia · ◌ hueco del cierre
Tu base· Abierta — hueco de 1t
Base de CNZS_Donghaidi· Abierta — hueco de 7t
Terreno inicial suavizado · ◌ = hueco del cierre detectado · pasá el cursor para detalles
Inputs por minuto
— [Nors] OG DADDY - - CNZS_Donghaidi
Build order — [Nors] OG DADDY
Primeras 150 de 220 acciones detectadas
| 0:11 | Crear | Villager (Male) |
| 0:11 | Crear | Villager (Male) |
| 0:12 | Crear | Villager (Male) |
| 0:13 | Construir | House |
| 0:15 | Construir | House |
| 0:19 | Crear | Villager (Male) |
| 1:35 | Crear | Villager (Male) |
| 2:03 | Construir | Lumber Camp |
| 2:05 | Crear | Villager (Male) |
| 2:38 | Crear | Villager (Male) |
| 2:47 | Crear | Villager (Male) |
| 2:47 | Crear | Villager (Male) |
| 3:43 | Crear | Villager (Male) |
| 3:44 | Crear | Villager (Male) |
| 4:00 | Construir | House |
| 4:01 | Construir | House |
| 4:15 | Crear | Villager (Male) |
| 4:36 | Crear | Villager (Male) |
| 5:17 | Construir | Barracks |
| 5:19 | Crear | Villager (Male) |
| 5:57 | Crear | Villager (Male) |
| 6:12 | Construir | House |
| 6:36 | Investigar | Feudal Age |
| 6:51 | Crear | Militia |
| 7:07 | Construir | Mining Camp |
| 7:11 | Crear | Militia |
| 7:31 | Crear | Militia |
| 8:13 | Crear | Villager (Male) |
| 8:36 | Construir | Palisade Wall |
| 8:37 | Construir | Palisade Wall |
| 8:38 | Construir | Palisade Wall |
| 8:46 | Edad | Edad Feudal |
| 8:50 | Investigar | Man-at-Arms (upgrade) |
| 9:01 | Crear | Villager (Male) |
| 9:04 | Investigar | Double-Bit Axe |
| 9:33 | Crear | Villager (Male) |
| 9:40 | Construir | Archery Range |
| 9:48 | Crear | Spearman |
| 9:58 | Construir | House |
| 10:06 | Crear | Villager (Male) |
| 10:11 | Investigar | Loom |
| 10:28 | Crear | Villager (Male) |
| 10:32 | Construir | House |
| 10:33 | Crear | Archer |
| 10:48 | Crear | Spearman |
| 10:52 | Crear | Villager (Male) |
| 11:05 | Crear | Villager (Male) |
| 11:11 | Construir | Mill |
| 11:26 | Crear | Spearman |
| 11:28 | Crear | Archer |
| 11:36 | Crear | Villager (Male) |
| 11:38 | Construir | House |
| 11:39 | Construir | House |
| 11:55 | Investigar | Arson |
| 12:02 | Crear | Villager (Male) |
| 12:16 | Crear | Spearman |
| 12:19 | Construir | House |
| 12:26 | Crear | Archer |
| 12:26 | Crear | Villager (Male) |
| 12:32 | Construir | Palisade Wall |
| 12:34 | Construir | Palisade Wall |
| 12:48 | Construir | Farm |
| 12:49 | Construir | Farm |
| 12:50 | Construir | Farm |
| 12:56 | Crear | Villager (Male) |
| 12:56 | Crear | Spearman |
| 12:58 | Construir | Farm |
| 13:05 | Crear | Villager (Male) |
| 13:10 | Crear | Villager (Male) |
| 13:16 | Construir | Watch Tower |
| 13:26 | Construir | Farm |
| 13:31 | Construir | Farm |
| 14:05 | Crear | Archer |
| 14:06 | Crear | Villager (Male) |
| 14:09 | Construir | Farm |
| 14:27 | Construir | Blacksmith |
| 14:31 | Crear | Villager (Male) |
| 14:39 | Crear | Archer |
| 14:53 | Crear | Archer |
| 14:54 | Crear | Villager (Male) |
| 15:11 | Investigar | Fletching |
| 15:18 | Construir | Stable |
| 15:27 | Crear | Archer |
| 15:29 | Crear | Villager (Male) |
| 15:30 | Construir | Palisade Wall |
| 15:31 | Construir | Palisade Wall |
| 15:43 | Construir | Farm |
| 16:03 | Crear | Villager (Male) |
| 16:04 | Crear | Archer |
| 16:30 | Crear | Villager (Male) |
| 16:36 | Crear | Villager (Male) |
| 16:41 | Crear | Skirmisher |
| 16:48 | Crear | Villager (Male) |
| 16:50 | Construir | Farm |
| 16:52 | Construir | Farm |
| 16:53 | Construir | Farm |
| 16:54 | Crear | Scout Cavalry |
| 16:56 | Crear | Skirmisher |
| 17:22 | Construir | Mining Camp |
| 17:29 | Crear | Villager (Male) |
| 17:31 | Crear | Skirmisher |
| 17:33 | Crear | Spearman |
| 17:37 | Construir | House |
| 17:57 | Crear | Scout Cavalry |
| 17:57 | Crear | Villager (Male) |
| 18:08 | Crear | Villager (Male) |
| 18:09 | Crear | Skirmisher |
| 18:15 | Crear | Skirmisher |
| 18:16 | Crear | Villager (Male) |
| 18:21 | Crear | Villager (Male) |
| 18:23 | Construir | Farm |
| 18:34 | Crear | Spearman |
| 18:47 | Crear | Villager (Male) |
| 18:49 | Construir | House |
| 19:12 | Crear | Skirmisher |
| 19:18 | Crear | Scout Cavalry |
| 19:23 | Crear | Villager (Male) |
| 19:26 | Construir | Farm |
| 19:35 | Crear | Skirmisher |
| 19:36 | Crear | Scout Cavalry |
| 19:38 | Crear | Villager (Male) |
| 19:44 | Construir | Mining Camp |
| 20:03 | Investigar | Padded Archer Armor |
| 20:55 | Crear | Scout Cavalry |
| 20:56 | Investigar | Forging |
| 20:57 | Crear | Skirmisher |
| 20:58 | Crear | Villager (Male) |
| 21:08 | Crear | Scout Cavalry |
| 21:11 | Construir | Farm |
| 21:13 | Construir | Farm |
| 21:36 | Investigar | Scale Barding Armor |
| 21:47 | Construir | Watch Tower |
| 21:48 | Crear | Villager (Male) |
| 21:49 | Construir | House |
| 21:52 | Construir | Farm |
| 21:54 | Construir | Farm |
| 21:56 | Construir | Farm |
| 22:00 | Construir | Farm |
| 22:02 | Crear | Scout Cavalry |
| 22:03 | Crear | Skirmisher |
| 22:23 | Construir | Farm |
| 22:24 | Crear | Villager (Male) |
| 22:30 | Crear | Scout Cavalry |
| 22:41 | Construir | Farm |
| 22:44 | Construir | Farm |
| 22:55 | Crear | Villager (Male) |
| 22:55 | Crear | Villager (Male) |
| 23:00 | Crear | Archer |
| 23:01 | Crear | Archer |
| 23:08 | Crear | Villager (Male) |
Build order — CNZS_Donghaidi
Primeras 150 de 310 acciones detectadas
| 0:00 | Crear | Villager (Male) |
| 0:00 | Crear | Villager (Male) |
| 0:01 | Crear | Villager (Male) |
| 0:01 | Crear | Villager (Male) |
| 0:02 | Construir | House |
| 0:03 | Construir | House |
| 1:07 | Crear | Villager (Male) |
| 1:37 | Crear | Villager (Male) |
| 1:37 | Crear | Villager (Male) |
| 1:50 | Construir | Lumber Camp |
| 1:50 | Crear | Villager (Male) |
| 1:50 | Crear | Villager (Male) |
| 2:24 | Crear | Villager (Male) |
| 2:24 | Crear | Villager (Male) |
| 2:50 | Crear | Villager (Male) |
| 2:50 | Crear | Villager (Male) |
| 3:09 | Crear | Villager (Male) |
| 3:10 | Crear | Villager (Male) |
| 3:10 | Crear | Villager (Male) |
| 3:40 | Crear | Villager (Male) |
| 3:40 | Crear | Villager (Male) |
| 4:04 | Construir | House |
| 4:14 | Crear | Villager (Male) |
| 4:26 | Crear | Villager (Male) |
| 4:26 | Crear | Villager (Male) |
| 4:37 | Crear | Villager (Male) |
| 4:37 | Crear | Villager (Male) |
| 4:41 | Construir | Mill |
| 4:44 | Crear | Villager (Male) |
| 4:45 | Crear | Villager (Male) |
| 6:15 | Investigar | Feudal Age |
| 6:15 | Investigar | Feudal Age |
| 6:56 | Crear | Villager (Male) |
| 7:11 | Construir | House |
| 7:22 | Construir | Barracks |
| 7:25 | Investigar | Loom |
| 7:29 | Crear | Villager (Male) |
| 8:27 | Edad | Edad Feudal |
| 8:31 | Construir | Stable |
| 8:35 | Construir | Palisade Wall |
| 8:35 | Construir | Palisade Wall |
| 8:36 | Construir | Palisade Wall |
| 8:47 | Investigar | Double-Bit Axe |
| 8:48 | Crear | Villager (Male) |
| 8:50 | Construir | Palisade Wall |
| 8:56 | Crear | Villager (Male) |
| 9:02 | Crear | Spearman |
| 9:20 | Construir | House |
| 9:29 | Crear | Villager (Male) |
| 9:40 | Construir | Farm |
| 9:43 | Crear | Scout Cavalry |
| 9:48 | Construir | House |
| 10:00 | Crear | Scout Cavalry |
| 10:03 | Crear | Villager (Male) |
| 10:07 | Crear | Scout Cavalry |
| 10:12 | Crear | Villager (Male) |
| 10:21 | Construir | Archery Range |
| 10:47 | Crear | Scout Cavalry |
| 10:53 | Crear | Villager (Male) |
| 10:59 | Construir | Mining Camp |
| 11:07 | Crear | Villager (Male) |
| 11:19 | Crear | Archer |
| 11:21 | Construir | House |
| 11:30 | Construir | House |
| 11:46 | Construir | Farm |
| 12:00 | Crear | Villager (Male) |
| 12:01 | Crear | Scout Cavalry |
| 12:06 | Construir | Farm |
| 12:09 | Crear | Villager (Male) |
| 12:17 | Construir | House |
| 12:30 | Crear | Villager (Male) |
| 12:42 | Crear | Villager (Male) |
| 12:52 | Crear | Archer |
| 12:54 | Crear | Villager (Male) |
| 13:09 | Construir | Farm |
| 13:15 | Construir | House |
| 13:17 | Construir | Palisade Wall |
| 13:28 | Construir | Palisade Wall |
| 13:35 | Crear | Villager (Male) |
| 13:39 | Crear | Archer |
| 13:39 | Crear | Archer |
| 13:41 | Crear | Villager (Male) |
| 13:45 | Construir | Farm |
| 13:49 | Construir | House |
| 14:08 | Construir | Blacksmith |
| 14:16 | Construir | Farm |
| 14:16 | Crear | Villager (Male) |
| 14:18 | Construir | Farm |
| 14:18 | Construir | Farm |
| 14:26 | Crear | Scout Cavalry |
| 14:26 | Crear | Scout Cavalry |
| 14:36 | Construir | Farm |
| 14:45 | Crear | Villager (Male) |
| 14:55 | Crear | Archer |
| 15:02 | Construir | House |
| 15:17 | Construir | Farm |
| 15:21 | Construir | Farm |
| 15:28 | Crear | Scout Cavalry |
| 15:29 | Crear | Villager (Male) |
| 15:32 | Crear | Villager (Male) |
| 15:36 | Investigar | Fletching |
| 15:36 | Investigar | Fletching |
| 15:41 | Construir | House |
| 15:47 | Crear | Villager (Male) |
| 15:48 | Construir | Farm |
| 15:57 | Crear | Archer |
| 16:03 | Crear | Villager (Male) |
| 16:09 | Construir | Farm |
| 16:11 | Construir | Farm |
| 16:30 | Crear | Archer |
| 16:44 | Construir | Farm |
| 16:56 | Crear | Archer |
| 17:07 | Crear | Villager (Male) |
| 17:21 | Crear | Villager (Male) |
| 17:42 | Construir | Market |
| 17:42 | Crear | Villager (Male) |
| 17:57 | Crear | Archer |
| 18:02 | Crear | Archer |
| 18:11 | Investigar | Castle Age |
| 18:16 | Construir | Lumber Camp |
| 18:23 | Construir | House |
| 18:25 | Crear | Archer |
| 19:17 | Construir | House |
| 19:27 | Crear | Scout Cavalry |
| 19:30 | Crear | Skirmisher |
| 19:32 | Construir | Farm |
| 19:35 | Investigar | Horse Collar |
| 19:50 | Crear | Scout Cavalry |
| 20:00 | Crear | Skirmisher |
| 20:01 | Investigar | Padded Archer Armor |
| 20:28 | Crear | Skirmisher |
| 20:39 | Crear | Villager (Male) |
| 20:51 | Edad | Edad de los Castillos |
| 20:58 | Construir | Town Center |
| 21:08 | Investigar | Bow Saw |
| 21:09 | Crear | Villager (Male) |
| 21:18 | Investigar | Bodkin Arrow |
| 21:25 | Crear | Skirmisher |
| 21:46 | Crear | Villager (Male) |
| 21:54 | Crear | Villager (Male) |
| 22:14 | Construir | Town Center |
| 22:16 | Crear | Villager (Male) |
| 22:30 | Investigar | Heavy Plow |
| 22:33 | Investigar | Wheelbarrow |
| 22:41 | Crear | Skirmisher |
| 22:41 | Crear | Skirmisher |
| 22:50 | Crear | Villager (Male) |
| 23:03 | Construir | Town Center |
| 23:07 | Crear | Skirmisher |
| 23:12 | Crear | Villager (Male) |
Cronología de la partida
| 5:17 | [Nors] OG DADDY · first_building Barracks |
| 7:22 | CNZS_Donghaidi · first_building Barracks |
| 8:27 | CNZS_Donghaidi · age_up feudal |
| 8:31 | CNZS_Donghaidi · first_building Stable |
| 8:35 | CNZS_Donghaidi · wall_segment Palisade Wall x1 |
| 8:35 | CNZS_Donghaidi · wall_segment Palisade Wall x1 |
| 8:36 | CNZS_Donghaidi · wall_segment Palisade Wall x1 |
| 8:36 | [Nors] OG DADDY · wall_segment Palisade Wall x1 |
| 8:37 | [Nors] OG DADDY · wall_segment Palisade Wall x1 |
| 8:38 | [Nors] OG DADDY · wall_segment Palisade Wall x2 |
| 8:46 | [Nors] OG DADDY · age_up feudal |
| 8:50 | CNZS_Donghaidi · wall_segment Palisade Wall x1 |
| 9:40 | [Nors] OG DADDY · first_building Archery Range |
| 10:21 | CNZS_Donghaidi · first_building Archery Range |
| 12:32 | [Nors] OG DADDY · wall_segment Palisade Wall x1 |
| 12:34 | [Nors] OG DADDY · wall_segment Palisade Wall x1 |
| 13:17 | CNZS_Donghaidi · wall_segment Palisade Wall x1 |
| 13:28 | CNZS_Donghaidi · wall_segment Palisade Wall x1 |
| 15:18 | [Nors] OG DADDY · first_building Stable |
| 15:30 | [Nors] OG DADDY · wall_segment Palisade Wall x1 |
| 15:31 | [Nors] OG DADDY · wall_segment Palisade Wall x1 |
| 20:51 | CNZS_Donghaidi · age_up castle |
| 23:22 | CNZS_Donghaidi · wall_segment Palisade Wall x1 |
| 25:18 | CNZS_Donghaidi · first_market_sell 100 wood |
| 26:17 | [Nors] OG DADDY · first_market_buy 100 food |
| 27:11 | [Nors] OG DADDY · first_market_sell 100 wood |
| 27:33 | CNZS_Donghaidi · first_building Siege Workshop |
| 27:49 | CNZS_Donghaidi · first_market_buy 100 food |
| 28:49 | [Nors] OG DADDY · age_up castle |
| 29:31 | [Nors] OG DADDY · first_building Castle |
| 30:10 | CNZS_Donghaidi · first_building Castle |
| 31:24 | [Nors] OG DADDY · wall_segment Stone Wall x1 |
| 31:25 | [Nors] OG DADDY · wall_segment Stone Wall x1 |
| 31:27 | [Nors] OG DADDY · wall_segment Stone Wall x1 |
| 31:29 | [Nors] OG DADDY · wall_segment Palisade Wall x1 |
| 31:30 | [Nors] OG DADDY · wall_segment Palisade Wall x1 |
| 31:32 | [Nors] OG DADDY · wall_segment Palisade Wall x1 |
| 32:41 | [Nors] OG DADDY · resign |
[ ANÁLISIS IA · 1 CRÉDITO ]
¿Qué pasó realmente en esta partida?
Wolo.gg analiza cada decisión: build order, eco, micro, errores típicos por bracket. Análisis personalizado por WhatsApp o Discord en 30 segundos.
Guía civ
Britanos
Perfil
[Nors] OG DADDY